 Dungeon Crawl Stone Soup version 0.31-a0-1005-gfbdfbacc72 (webtiles) character file.

Game seed: 18372553381073711498

26 kokonui the Trooper (level 2, -3/24 HPs)
             Began as a Demonspawn Berserker on Nov 11, 2023.
             Was a Follower of Trog.
             Slain by Terence
             ... wielding a +1 hand axe of electrocution
              (5 damage)
             ... on level 2 of the Dungeon.
             The game lasted 00:03:57 (655 turns).

kokonui the Trooper (Demonspawn Berserker)           Turns: 655, Time: 00:03:57

Health: -3/24      AC:  6    Str: 17    XL:     2   Next: 89%
Magic:  2/2        EV:  9    Int:  8    God:    Trog [*.....]
Gold:   100        SH:  7    Dex: 12    Spells: 1/1 levels left

rFire   . . .        a - +0 spear
rCold   . . .        f - +0 kite shield
rNeg    . . .        h - +0 ring mail
rPois   .            c - +0 helmet
rElec   .            (no cloak)
rCorr   .            (no gloves)
SInv    .            (no boots)
Will    .....        (no amulet)
Stlth   +            (no ring)
HPRegen 0.24/turn    (no ring)
MPRegen 0.08/turn

%: no passive effects
@: no status effects
A: weakness stinger 1
a: Renounce Religion, Berserk


You were on level 2 of the Dungeon.
You worshipped Trog.
Trog was aware of your devotion.
You visited 1 branch of the dungeon, and saw 2 of its levels.

You collected 100 gold pieces.

Inventory:

Hand Weapons
 a - a +0 spear (weapon)
Armour
 c - a +0 helmet (worn)
 f - a +0 kite shield (worn)
 h - a +0 ring mail (worn)
Scrolls
 d - a scroll of identify {unknown}
 e - a scroll of teleportation {unknown}
Potions
 b - a potion of haste {unknown}
 g - a potion of ambrosia {unknown}


   Skills:
 + Level 3.4 Fighting
 + Level 3.2 Polearms
 + Level 1.8 Armour
 + Level 2.0 Dodging


You had one spell level left.
You didn't know any spells.
Your spell library was empty.

Dungeon Overview and Level Annotations

Branches:
Dungeon (2/15)

Altars:
Nemelex Xobeh

Annotations:
D:2 Sigmund, Terence


Innate Abilities, Weirdness & Mutations

You have a small tail.


Message History

Found a stone staircase leading down.
You now have 100 gold pieces (gained 11).
You see here 3 stones.
A ball python comes into view.
Found a white potion.
You hit the ball python.
You kill the ball python!
Trog accepts your kill.
b - a white potion You see here a frilled lizard corpse.
You see here a giant cockroach corpse.
There is a stone staircase leading down here.
You climb downwards.
Sigmund shouts!
Found 4 stones.
There is a stone staircase leading up here.
Sigmund casts a spell at you.
You are confused.
Sigmund closely misses you.
Okay, then.
You are too confused!
Terence hits you with a +1 hand axe of electrocution.
You're too confused to move!
Sigmund closely misses you.
Terence hits you with a +1 hand axe of electrocution!
Found a sparkling altar of Nemelex Xobeh.
Terence hits you with a +1 hand axe of electrocution.
Sigmund closely misses you. Terence completely misses you.
You feel less confused. Sigmund gestures at you while chanting.
You resist with significant effort. Terence attacks as he pursues you!
Terence barely misses you.
You barely miss Sigmund. Sigmund hits you with a +0 scythe.
* * * LOW HITPOINT WARNING * * *
Terence hits you with a +1 hand axe of electrocution.
* * * LOW HITPOINT WARNING * * *
You closely miss Sigmund. Sigmund hits you but does no damage.
Terence hits you with a +1 hand axe of electrocution.
You die...
Terence says, "Rest in peace."

. ######## ..
#......#
_..#......#
..........#
..........#
..........##
#.......@..####
#......@@.....#
#.......(.<.#.#
#.#..###..........
# #.. ###....####
... ###.... ..#
...... .. ......
...... .....


You could see Sigmund and Terence.

Vanquished Creatures
  2 dart slugs (D:1)
  2 bats (D:1)
  2 giant cockroaches (D:1)
  2 jackals (D:1)
  A quokka (D:1)
  4 ball pythons (D:1)
  2 frilled lizards (D:1)
  3 kobolds (D:1)
  5 rats (D:1)
23 creatures vanquished.

Notes
Turn   | Place    | Note
-------+----------+-------------------------------------------
     0 | D:1      | kokonui the Demonspawn Berserker began the quest for the
                  | Orb.
     0 | D:1      | Reached XP level 1. HP: 18/18 MP: 1/1
   206 | D:1      | Gained mutation: You have a small tail. [demonic ancestry]
   206 | D:1      | Reached XP level 2. HP: 9/24 MP: 2/2
   306 | D:1      | HP: 1/36 [kobold/+0 whip (5)]
   645 | D:2      | Noticed Sigmund
   645 | D:2      | Noticed Terence
   651 | D:2      | Found a sparkling altar of Nemelex Xobeh.
   655 | D:2      | Slain by Terence

Illustrated notes

Levels and vault maps discovered:
D:1:      mainiacjoe_arrival_oval_in_oval, layout_rooms
D:2:      layout_rooms, basic_altar, uniq_robin, uniq_sigmund, uniq_terence

Skill      XL: |  1  2 |
---------------+-------+-----
Polearms       | 3 |  3.2
Dodging        | 2 |  2.0
Fighting       | |  3.4
Armour         | |  1.8

Action                     || total
---------------------------++-------
  Melee: Spear             ||    71
         Tailslap          ||     4
 Invoke: Berserk           ||     3
 Armour: Animal skin       ||    53
         Ring mail         ||    14
  Dodge: Dodged            ||    65
  Block: Kite shield       ||     6

Table legend: (Time is in decaauts)
 A = Elapsed time spent in this place.
 B = Non-inter-level travel time spent in this place.
 C = Inter-level travel time spent in this place.
 D = Time resting spent in this place.
 E = Time spent auto-exploring this place.
 F = Levels seen in this place.
 G = Mean time per level.
                   A        B        C        D        E       F      G
               +--------+--------+--------+--------+--------+-----+--------+
         Total |    673 |    630 |     43 |      0 |      0 |   2 |  336.5 |
       Dungeon |    673 |    630 |     43 |      0 |      0 |   2 |  336.5 |
               +--------+--------+--------+--------+--------+-----+--------+

Top non-repeatable levels by time:
     D:1: 663 daAuts
     D:2: 10 daAuts
